[Event "*** Titled Tuesday Blitz"]
[Site "Chess.com"]
[Date "2020.10.20"]
[Round "3"]
[White "Sanyura"]
[Black "kidagent"]
[Result "1/2-1/2"]
[WhiteElo "2498"]
[BlackElo "2301"]
[TimeControl "180+1"]
[EndTime "10:29:03 PDT"]
[Termination "Game drawn - insufficient material"]

1. Nf3 Nf6 2. g3 d5 3. Bg2 Bf5 4. O-O e6 5. d3 c6 6. Nc3 Be7 7. Ne5 Nbd7 8. Nxd7 Qxd7 9. e4 dxe4 10. dxe4 Bg4 11.
Qxd7+ Nxd7 12. f3 Bh5 13. Be3 O-O 14. Rad1 Rfd8 15. h4 f6 16. Bh3 Bf7 17. Kf2 Bc5 18. Rd2 Bxe3+ 19. Kxe3 Nb6 20. b3 Kf8 21. Rfd1 Ke7 22.
a4 Rxd2 23. Rxd2 Rd8 24. a5 Nc8 25. Na4 Rxd2 26. Kxd2 b6 27. axb6 axb6 28. Ke3 Kd6 29. Nb2 b5 30. Nd3 Nb6 31. f4 e5 32. h5 Bxh5 33. Bf5 h6 34. Bh3 Bf7 35. Ne1 c5 36. Nf3 c4 37. b4 Be6 38. Bxe6 Kxe6 39. Nh4 g5 40. Nf5 gxf4+ 41. gxf4 Na4 42. Nxh6 Nc3 43. Nf5 Na2 44. Ng7+ Kf7 45. Nf5 Nxb4 46. Nd6+ Ke6 47. Nxb5 Nxc2+ 48. Kd2 Nd4 49. f5+ Nxf5 50. exf5+ Kxf5 51. Ke3 Ke6 52. Na3 Kd5 53. Nc2 f5 54. Kf3 e4+ 55.
Kf4 c3 56. Kxf5 e3 57. Nxe3+ Kd4 58. Nc2+ Kd3 59. Na3 c2 60. Nxc2 1/2-1/2

[Event "*** Titled Tuesday Blitz"]
[Site "Chess.com"]
[Date "2020.10.20"]
[Round "3"]
[White "Infernal_XaM"]
[Black "nikitakhoroshev"]
[Result "1-0"]
[WhiteElo "2856"]
[BlackElo "2562"]
[TimeControl "180+1"]
[EndTime "10:29:04 PDT"]
[Termination "Infernal_XaM won by resignation"]

1. d4 d6 2. e4 Nf6 3. f3 e5 4. d5 Be7 5. c4 Nfd7 6. Be3 Bg5 7.
Bf2 h5 8. h4 Bh6 9. Nc3 a5 10.
g3 Na6 11. Bd3 g6 12. a3 Ndc5 13. Bc2 Bd7 14. Nh3 O-O 15. g4 f5 16. exf5 gxf5 17.
g5 Bg7 18. f4 Be8 19. Qe2 Bg6 20. fxe5 dxe5 21. O-O-O Qe7 22. Nf4 Qe8 23. Nxg6 Qxg6 24. Nb5 e4 25. Nxc7 Rac8 26. Nxa6 bxa6 27. d6 Rfd8 28. Rd5 Ne6 29. d7 Rc7 30. Qd2 Rxc4 31. Kb1 a4 32. Bb6 Rb8 33. d8=Q+ Nxd8 34. Rxd8+ Rxd8 35. Qxd8+ Kh7 36. Rd1 Qc6 37. Rd2 f4 38. Qd5 Qxd5 39. Rxd5 f3 40. Rd7 Kg6 41. Re7 Kf5 42.
Rxg7 Kf4 43. Rf7+ Kg3 44. g6 f2 45. Bxf2+ 1-0

[Event "*** Titled Tuesday Blitz"]
[Site "Chess.com"]
[Date "2020.10.20"]
[Round "3"]
[White "VitaliyBernadskiy"]
[Black "Bacyanide"]
[Result "1-0"]
[WhiteElo "2783"]
[BlackElo "2419"]
[TimeControl "180+1"]
[EndTime "10:29:04 PDT"]
[Termination "VitaliyBernadskiy won by resignation"]

1. e4 e5 2. Nf3 Nc6 3. Bb5 a6 4. Ba4 Nf6 5. d3 b5 6. Bb3 Bc5 7. O-O d6 8. Nc3 O-O 9. Nd5 Nxd5 10. Bxd5 Bd7 11. c3 Bb6 12. d4 Rb8 13. Be3 Ne7 14.
dxe5 Nxd5 15. exd5 Bg4 16. Bxb6 Rxb6 17. Re1 dxe5 18.
Rxe5 Rf6 19. Re3 Re8 20. Rxe8+ Qxe8 21. Qe1 Qf8 22. Nd4 h5 23. h3 Bd7 24. Qe5 Qd6 25.
Re1 g6 26. h4 Kg7 27. f4 Bg4 28. b4 Qd7 29. g3 Qd6 30. Kg2 Qd7 31. Kh2 Qd6 32.
Nb3 Qb6 33. Nc5 Kh7 34. Kg2 Rf5 35. Qd4 Qd6 36. Ne4 Qxd5 37. Qxd5 Rxd5 38. Nf6+ Kg7 39. Nxd5 1-0

[Event "*** Titled Tuesday Blitz"]
[Site "Chess.com"]
[Date "2020.10.20"]
[Round "3"]
[White "Vanina1989"]
[Black "Alexander_Moskalenko"]
[Result "0-1"]
[WhiteElo "2668"]
[BlackElo "2900"]
[TimeControl "180+1"]
[EndTime "10:29:05 PDT"]
[Termination "Alexander_Moskalenko won on time"]

1. e4 c6 2. Nf3 d5 3. d3 Bg4 4. h3 Bxf3 5. Qxf3 e6 6. Be2 Nd7 7. O-O g6 8. Qg3 Bg7 9. Nc3 Qb6 10. Kh1 Ne7 11. f4 O-O 12. Nd1 Nf6 13. Be3 Qa6 14. Nf2 dxe4 15. Bc5 Nf5 16. Qh2 Rfd8 17. g4 Nd4 18. Bxd4 Rxd4 19. g5 Nd5 20. Nxe4 Ne3 21.
Rfc1 Rb4 22. b3 Nxc2 23. Rxc2 Bxa1 24. h4 Bg7 25. h5 Qb6 26. hxg6 hxg6 27. Kg2 Qe3 28.
Bf1 Rxe4 29. dxe4 Qxe4+ 30. Kg3 Qe3+ 31. Kg2 Rd8 32. Re2 Qc1 33. Qg3 Rd1 34. Qf3 Bf8 35.
Rf2 Bc5 36. Re2 a5 37. Re4 Bd6 38. Re2 Qxf4 39. Qxf4 Bxf4 40. Re4 Bxg5 41. Ra4 Rd2+ 42.
Kg3 Bd8 43. Bg2 Kf8 44. Kf3 Ke7 45. Bf1 Bb6 46. Be2 g5 0-1

[Event "*** Titled Tuesday Blitz"]
[Site "Chess.com"]
[Date "2020.10.20"]
[Round "3"]
[White "ExtremeLearner"]
[Black "jacky72"]
[Result "1/2-1/2"]
[WhiteElo "2363"]
[BlackElo "2552"]
[TimeControl "180+1"]
[EndTime "10:29:05 PDT"]
[Termination "Game drawn - insufficient material"]

1. d4 Nf6 2. Nf3 c5 3. d5 e6 4. Nc3 d6 5. e4 exd5 6. exd5 g6 7.
Bb5+ Bd7 8. O-O Be7 9. a4 O-O 10. Re1 Re8 11. Bf4 a6 12. Bf1 Bf8 13. Nd2 Bg4 14.
Rxe8 Qxe8 15. Qe1 Nbd7 16. Nc4 Bf5 17. Qd2 Qb8 18. f3 b5 19. axb5 axb5 20. Rxa8 Qxa8 21. Nxb5 Qxd5 22. Qxd5 Nxd5 23. Bxd6 Bxc2 24. Bxf8 Kxf8 25.
Nc3 Nb4 26. Nd6 Ke7 27. Nde4 f5 28. Nd2 Kd6 29. Nc4+ Ke6 30. Ne3 Bd3 31. Bxd3 Nxd3 32.
Ned1 Nb6 33. Kf1 Nc4 34. b3 Na5 35. Na4 Nxb3 36. Ne3 Ke5 37. g3 Kd4 38. Nc2+ Kc4 39. Ke2 Ndc1+ 40. Ke3 Na2 41. Kf4 Kd3 42. Ne1+ Kd2 43.
Ng2 c4 44. Kg5 c3 45. Nxc3 Nxc3 46. Kh6 Nd4 47. Kxh7 g5 48. Kg6 Nxf3 49. Kxf5 Ke2 50. h4 Kf2 51. hxg5 Kxg2 52. g6 Nd5 53. g7 Ne7+ 54.
Kf6 Ng8+ 55. Kf7 Nh6+ 56. Kg6 Ng8 57. Kf7 Ng5+ 58. Kxg8 Ne6 59. Kf7 Nxg7 60. Kxg7 Kxg3 1/2-1/2

[Event "*** Titled Tuesday Blitz"]
[Site "Chess.com"]
[Date "2020.10.20"]
[Round "3"]
[White "ajdemipopushi"]
[Black "MIJuanReyesRosa"]
[Result "1-0"]
[WhiteElo "2347"]
[BlackElo "2094"]
[TimeControl "180+1"]
[EndTime "10:29:05 PDT"]
[Termination "ajdemipopushi won on time"]

1. Nf3 c5 2. g3 d5 3. Bg2 Nc6 4.
d4 e6 5. O-O Nf6 6. c4 dxc4 7.
Ne5 Nxe5 8. dxe5 Qxd1 9. Rxd1 Nd7 10. f4 Be7 11. Na3 c3 12. bxc3 O-O 13. Nb5 f6 14. Nd6 Bxd6 15. exd6 Rb8 16. c4 b6 17. Bb2 Bb7 18. e4 Rfe8 19. e5 Bxg2 20. Kxg2 fxe5 21. fxe5 Rf8 22. a4 a5 23. Bc3 Rf5 24. Re1 Rbf8 25.
Re2 g5 26. Rb1 Rf3 27. Be1 g4 28. Bd2 R3f5 29. Bf4 h5 30. Reb2 Nxe5 31. Rxb6 Nxc4 32. Rb7 Nxd6 33. Bxd6 Rf2+ 34. Kg1 R8f3 35. Re7 Re2 36. Rb8+ Rf8 37. Rxf8+ Kxf8 38. Rxe6+ Kf7 39. Rxe2 1-0

[Event "*** Titled Tuesday Blitz"]
[Site "Chess.com"]
[Date "2020.10.20"]
[Round "3"]
[White "rasmussvane"]
[Black "vaishali2001"]
[Result "1-0"]
[WhiteElo "2903"]
[BlackElo "2594"]
[TimeControl "180+1"]
[EndTime "10:29:06 PDT"]
[Termination "rasmussvane won by resignation"]

1. Nf3 Nf6 2. g3 b5 3. Bg2 Bb7 4. d4 e6 5. Bg5 d5 6. O-O Nbd7 7. a4 b4 8. c3 a5 9. Nbd2 c5 10. c4 h6 11. Bxf6 Nxf6 12. Rc1 Rc8 13. dxc5 Bxc5 14.
Nb3 Be7 15. Nfd4 O-O 16. c5 Bc6 17. Nxc6 Rxc6 18. Qd3 Qc7 19. Rc2 Nd7 20. Rfc1 Nxc5 21. Qe3 Rc8 22. Nd4 Rb6 23. Nb5 Qb7 24. Rxc5 Bxc5 25. Rxc5 Rxc5 26. Qxc5 Rc6 27. Qd4 Rc1+ 28. Bf1 Qc6 29. Qf4 Qc2 30. Nd6 f6 31. Qg4 Qd1 32.
Qh3 e5 33. f3 Kh8 34. Kf2 Qd4+ 35. Kg2 Qd1 36. Kg1 Qxe2 37. Nf5 Qe1 38. Qg2 Rc2 39. Qxc2 d4 40. Kg2 Kh7 41. Nxd4+ 1-0

[Event "*** Titled Tuesday Blitz"]
[Site "Chess.com"]
[Date "2020.10.20"]
[Round "3"]
[White "vladgoncharov"]
[Black "TheBigBoss04"]
[Result "0-1"]
[WhiteElo "2499"]
[BlackElo "2738"]
[TimeControl "180+1"]
[EndTime "10:29:06 PDT"]
[Termination "TheBigBoss04 won by resignation"]

1. d4 Nf6 2. c4 e6 3. Nf3 b6 4. g3 Ba6 5. Qa4 Bb7 6. Bg2 c5 7. O-O cxd4 8. Rd1 Qc8 9. Rxd4 Bc5 10.
Rd1 Ne4 11. e3 O-O 12. Nbd2 Be7 13. Qc2 f5 14. Nxe4 Bxe4 15. Qe2 Na6 16. Nd4 Bxg2 17. Kxg2 Nc5 18. b3 Qb7+ 19. Qf3 Qc7 20. Bb2 a6 21. Rac1 Rac8 22. Ne2 Ne4 23. Kg1 Ng5 24. Qg2 Ne4 25.
Nc3 Nf6 26. Ne2 Rfd8 27. h3 Ne8 28. g4 g6 29. gxf5 exf5 30. Nf4 Qc6 31. Nd5 Bf8 32. Re1 Kf7 33. e4 Nd6 34. exf5 Nxf5 35. Re5 Re8 36. Rce1 Rxe5 37. Rxe5 Re8 38. Rxe8 Kxe8 39. Qe4+ Kf7 40. Qd4 Nxd4 0-1

[Event "*** Titled Tuesday Blitz"]
[Site "Chess.com"]
[Date "2020.10.20"]
[Round "3"]
[White "korkmaz16"]
[Black "AleksanderHnydiuk"]
[Result "1-0"]
[WhiteElo "2370"]
[BlackElo "2541"]
[TimeControl "180+1"]
[EndTime "10:29:07 PDT"]
[Termination "korkmaz16 won by checkmate"]

1. e4 c5 2. Nc3 Nc6 3. f4 g6 4.
Nf3 Bg7 5. Bb5 Nd4 6. O-O Nxb5 7. Nxb5 d6 8. Nc3 Nf6 9. d3 O-O 10. Qe1 Nd7 11. f5 e6 12. fxg6 fxg6 13. Bg5 Qb6 14. Rb1 c4+ 15. Kh1 cxd3 16. cxd3 Nc5 17. Qd2 Bd7 18. d4 Na4 19. Nxa4 Bxa4 20. b3 Bb5 21. Rf2 Rf7 22. Be3 Qa6 23. Ng5 Rxf2 24. Qxf2 Rf8 25.
Qh4 h6 26. Nxe6 Qxa2 27. Rg1 Qxb3 28. Nxf8 Qxe3 29. Nxg6 Bxd4 30. Rd1 Be2 31. Ne7+ Kf7 32. Nf5 Qb3 33. Rc1 Bf6 34. Qxh6 Bf3 35. Rc7+ Ke8 36. Qg6+ Kd8 37. Qxf6+ Kxc7 38. Qxd6+ Kc8 39. Ne7# 1-0

[Event "*** Titled Tuesday Blitz"]
[Site "Chess.com"]
[Date "2020.10.20"]
[Round "3"]
[White "Shockerlover"]
[Black "ChronicUnhappiness"]
[Result "0-1"]
[WhiteElo "1888"]
[BlackElo "2283"]
[TimeControl "180+1"]
[EndTime "10:29:08 PDT"]
[Termination "ChronicUnhappiness won on time"]

1. d4 Nf6 2. Nf3 e6 3. c4 d5 4. e3 c5 5. cxd5 exd5 6. Be2 Nc6 7. O-O Bd6 8. dxc5 Bxc5 9. Nc3 O-O 10. b3 Bg4 11. Bb2 Rc8 12. Rc1 Bd6 13. Nb5 Bb8 14.
Nbd4 Re8 15. Nxc6 bxc6 16. Nd4 Qd6 17. g3 Bh3 18. Re1 Ne4 19. Bf3 c5 20. Nb5 Qe6 21.
Bg2 Bg4 22. f3 Bh5 23. Qd3 Ng5 24. Qc3 f6 25. e4 d4 26. Qd3 Nh3+ 27. Kf1 Ng5 28.
f4 Nf7 29. Na3 Nd6 30. Nc4 Nxc4 31. Rxc4 Bf7 32. f5 Qe7 33. Rcc1 Be5 34. Ba3 Bd6 35. Qc2 Rc7 36. Qe2 Rec8 37. Bb2 Be5 38. Rc2 c4 39. bxc4 Rxc4 0-1

[Event "*** Titled Tuesday Blitz"]
[Site "Chess.com"]
[Date "2020.10.20"]
[Round "3"]
[White "GiantThresher"]
[Black "Teo2000"]
[Result "0-1"]
[WhiteElo "2823"]
[BlackElo "2446"]
[TimeControl "180+1"]
[EndTime "10:29:11 PDT"]
[Termination "Teo2000 won by resignation"]

1. e4 c5 2. Nf3 d6 3. Bb5+ Nd7 4. Ba4 Nf6 5. O-O Nxe4 6. Re1 Nf6 7. d4 g6 8. Bf4 Qb6 9. Nc3 Bg7 10. dxc5 dxc5 11. Nb5 O-O 12. Rxe7 Qd8 13. Re1 Nh5 14. Bd6 a6 15. Bxf8 Bxf8 16. Nd6 b5 17. Re8 Qc7 18. Qd5 Nb6 19. Qg5 Qxd6 20. Bb3 c4 21. Rd8 Qc7 22. Re1 Bb7 23. Rxa8 Bxa8 24. Re8 Bc6 25. Re3 cxb3 26. axb3 Nd5 27. Rd3 Nhf4 28. Rd2 Ne6 29. Qe5 Bd6 30. Qe1 Bf4 31. Re2 Qd7 32. c4 Nb4 33.
Qxb4 Bxf3 34. gxf3 Nd4 35. Re4 Nxf3+ 36. Kg2 Qg4+ 37.
Kf1 Nd2+ 38. Qxd2 Qh3+ 39. Ke2 Bxd2 0-1

[Event "*** Titled Tuesday Blitz"]
[Site "Chess.com"]
[Date "2020.10.20"]
[Round "3"]
[White "chessknight02"]
[Black "ChesSniper2000"]
[Result "0-1"]
[WhiteElo "2117"]
[BlackElo "2378"]
[TimeControl "180+1"]
[EndTime "10:29:11 PDT"]
[Termination "ChesSniper2000 won by checkmate"]

1. d4 d5 2. c4 c6 3. cxd5 cxd5 4. Bf4 Nc6 5. e3 Nf6 6. Nc3 a6 7. Bd3 Bg4 8. Nge2 e6 9. f3 Bh5 10. g4 Bg6 11. h4 Bxd3 12. Qxd3 h6 13. Kf2 Bd6 14.
Rac1 Rc8 15. h5 Bxf4 16. Nxf4 e5 17. dxe5 Nxe5 18. Qd4 Nc6 19. Qd2 d4 20. exd4 O-O 21. d5 Ne5 22. Qd4 Re8 23. Rhe1 Rc4 24. Qd2 Rxf4 25.
Rxe5 Nxg4+ 26. Kg3 Rxf3+ 27. Kxg4 Rxe5 28. Kxf3 Qf6+ 29. Kg2 Rg5+ 30. Kh2 Rxh5+ 31. Kg1 Rg5+ 32. Kh2 Qg6 33. Qe2 Rh5+ 34. Qxh5 Qxh5+ 35. Kg3 Qg5+ 36. Kf3 Qxc1 37. d6 Qd2 38. Ne4 Qd3+ 39. Kf4 g5+ 40. Kf5 Qd5+ 41.
Kf6 Qe6# 0-1

[Event "*** Titled Tuesday Blitz"]
[Site "Chess.com"]
[Date "2020.10.20"]
[Round "3"]
[White "Me_ch_an"]
[Black "Ariadna_Atreides"]
[Result "1-0"]
[WhiteElo "2323"]
[BlackElo "2047"]
[TimeControl "180+1"]
[EndTime "10:29:11 PDT"]
[Termination "Me_ch_an won by resignation"]

1. e4 c5 2. Nc3 Nc6 3. g3 g6 4. d3 Bg7 5. Be3 d6 6. Bg2 e6 7. Qd2 Nd4 8. Nd1 Ne7 9. c3 Ndc6 10. Bh6 Bxh6 11. Qxh6 Bd7 12. Ne2 Qc7 13. h4 O-O-O 14. h5 Ne5 15. Qd2 c4 16. dxc4 Nxc4 17. Qd4 Kb8 18. Ne3 Bb5 19. Nxc4 Bxc4 20. Bf3 e5 21. Qe3 d5 22. O-O dxe4 23. Bxe4 f5 24. Bh1 f4 25.
gxf4 exf4 26. Nxf4 Bxf1 27. Ne6 Qd7 28. Nxd8 Rxd8 29. Rxf1 gxh5 30. Re1 Rg8+ 31. Bg2 Nc6 32. Qf4+ Qc7 33. Qxc7+ Kxc7 34. Kh2 h4 35. Bxc6 Kxc6 36. Kh3 Rf8 37. Re2 Rf3+ 38. Kxh4 Kc5 39. Kg4 b5 40. Kxf3 b4 41. cxb4+ Kxb4 42. Re7 1-0

[Event "*** Titled Tuesday Blitz"]
[Site "Chess.com"]
[Date "2020.10.20"]
[Round "3"]
[White "Leonid_Starozhilov"]
[Black "MarceloPlaya"]
[Result "0-1"]
[WhiteElo "2626"]
[BlackElo "2302"]
[TimeControl "180+1"]
[EndTime "10:29:14 PDT"]
[Termination "MarceloPlaya won on time"]

1. e4 e6 2. d4 d5 3. e5 c5 4. c3 Nc6 5. Nf3 Qb6 6. a3 c4 7. Nbd2 f6 8. b3 cxb3 9. Nxb3 fxe5 10. dxe5 Nge7 11. Be3 Qc7 12. Bd4 Ng6 13. Bb5 Be7 14.
O-O O-O 15. Re1 Bd7 16. a4 a6 17. Bd3 Nf4 18. Bf1 Na5 19. Nxa5 Qxa5 20. g3 Ng6 21. h4 Bc5 22. Bd3 Bxd4 23. cxd4 Ne7 24. Re3 Nf5 25.
Re1 h6 26. Kg2 Rf7 27. g4 Ne7 28. g5 Raf8 29. Re3 Nf5 30. Bxf5 Rxf5 31. gxh6 gxh6 32. Kh2 Qd8 33. Qe2 Kh7 34. Rg1 Be8 35. Rg3 Bh5 36. Qb2 Bxf3 37. Kg1 Qxh4 38. Qxb7+ R8f7 39. Rexf3 Rxb7 0-1

[Event "*** Titled Tuesday Blitz"]
[Site "Chess.com"]
[Date "2020.10.20"]
[Round "3"]
[White "Borsuk_Konstantin"]
[Black "MrChampion_Coach"]
[Result "1-0"]
[WhiteElo "2567"]
[BlackElo "2362"]
[TimeControl "180+1"]
[EndTime "10:29:14 PDT"]
[Termination "Borsuk_Konstantin won by checkmate"]

1. d4 Nf6 2. c4 e6 3. Nf3 d5 4. g3 dxc4 5. Bg2 Bd7 6. Ne5 Bc6 7. Nxc6 Nxc6 8. Bxc6+ bxc6 9. Nc3 Bd6 10. Qa4 O-O 11.
Qxc6 e5 12. dxe5 Bxe5 13. Qxc4 Qd7 14. Bg5 Qh3 15. Bxf6 Bxf6 16. O-O-O Qg2 17. Ne4 Be7 18. h3 Rfe8 19. f3 Rab8 20. Rdg1 Bg5+ 21. Kb1 Rxe4 22. Qxe4 Qf2 23. Rd1 Bf6 24. b3 Qxg3 25. Rc1 g6 26.
Rc6 Qf2 27. Rxf6 Qg2 28. Rc1 Kg7 29. Rfc6 Qg3 30. Rxc7 Qd6 31. R7c4 Qf6 32. Qd4 Rb6 33. Qxf6+ Rxf6 34. Rc7 a6 35. Ra7 Rf5 36. Rcc7 Re5 37.
Rxf7+ Kh6 38. e4 Kg5 39. f4+ Kh6 40. fxe5 Kg5 41. e6 a5 42. e7 a4 43. e8=Q a3 44.
Qe5+ Kh4 45. Rxh7# 1-0

[Event "*** Titled Tuesday Blitz"]
[Site "Chess.com"]
[Date "2020.10.20"]
[Round "3"]
[White "teacher4chess"]
[Black "harvsp123"]
[Result "0-1"]
[WhiteElo "2043"]
[BlackElo "2447"]
[TimeControl "180+1"]
[EndTime "10:29:14 PDT"]
[Termination "harvsp123 won on time"]

1. d4 g6 2. Nf3 Bg7 3. Nc3 d6 4. e4 a6 5. Be3 b5 6. Be2 Bb7 7. d5 c6 8. Bd4 Nf6 9. a3 O-O 10. O-O c5 11. Bxf6 exf6 12. Re1 Nd7 13. Qd2 Re8 14.
Bf1 Ne5 15. Nxe5 fxe5 16. g3 f5 17. Bh3 Rf8 18. Rad1 Ra7 19. Qd3 Bc8 20. Qe2 Raf7 21. exf5 gxf5 22. f4 e4 23. Kh1 Rb7 24. Qh5 Rf6 25. Qe2 Rh6 26. Bg2 Bd7 27. Rd2 a5 28. Nd1 b4 29. axb4 axb4 30. b3 Bb5 31. Qf2 Ra7 32.
Ne3 Qd7 33. Rdd1 Ra2 34. h4 Bd4 35. Bh3 Rf6 36. Qg2 Bc3 37. Rg1 Bd4 38. Rge1 Bd3 0-1

[Event "*** Titled Tuesday Blitz"]
[Site "Chess.com"]
[Date "2020.10.20"]
[Round "3"]
[White "vovachesss"]
[Black "Annawel"]
[Result "0-1"]
[WhiteElo "2683"]
[BlackElo "2918"]
[TimeControl "180+1"]
[EndTime "10:29:16 PDT"]
[Termination "Annawel won by resignation"]

1. c4 Nf6 2. Nc3 g6 3. e4 d6 4. d4 Bg7 5. h3 O-O 6. g4 c6 7. g5 Nh5 8. Be2 e5 9. Bxh5 gxh5 10.
dxe5 dxe5 11. Qxh5 Be6 12. b3 Na6 13. Be3 Nb4 14. Rd1 Nc2+ 15. Kf1 Nxe3+ 16. fxe3 Qb6 17. Ke2 Qa5 18. Rc1 b5 19. cxb5 cxb5 20. Nf3 Rac8 21. Nd5 Bxd5 22. exd5 b4 23. Qg4 Rc3 24. Nd2 Qxd5 25.
Qe4 Qd7 26. Nc4 Rxc1 27. Rxc1 Rd8 28. Qf3 Qd3+ 29. Kf2 Qg6 30. Rf1 Qxg5 31. Rg1 Qh4+ 32. Ke2 e4 33. Qg4 Qxg4+ 34. Rxg4 f5 35. Rg5 Rd5 36.
h4 Kf7 37. Rg1 Bf6 38. h5 Rd8 39. Rc1 Rg8 40. Nd2 Rg2+ 41. Kd1 Bc3 42. Kc2 Rxd2+ 0-1

[Event "*** Titled Tuesday Blitz"]
[Site "Chess.com"]
[Date "2020.10.20"]
[Round "3"]
[White "HanSchut"]
[Black "ErikRonka"]
[Result "0-1"]
[WhiteElo "2240"]
[BlackElo "2426"]
[TimeControl "180+1"]
[EndTime "10:29:16 PDT"]
[Termination "ErikRonka won on time"]

1. e4 c5 2. Nf3 e6 3. c4 Nc6 4.
Nc3 g5 5. h3 Bg7 6. d4 cxd4 7.
Nb5 h6 8. Nfxd4 Nxd4 9. Nxd4 Nf6 10. Bd3 d6 11. Be3 b6 12. Qd2 Bb7 13. f3 O-O 14. h4 Nh7 15. hxg5 d5 16. gxh6 Bh8 17. cxd5 exd5 18.
O-O-O dxe4 19. Bxe4 Bxe4 20. fxe4 Qd6 21. Nf5 Qxd2+ 22.
Rxd2 Rfe8 23. Nd6 Re6 24. Bf4 Rd8 25. Rhd1 Nf8 26. g4 Be5 27. Bxe5 Rxe5 28. Nf5 Rxd2 29. Rxd2 Rxe4 30. Rd8 Rxg4 31. h7+ Kxh7 32. Rxf8 Kg6 33. Ne3 Rg1+ 34. Nd1 Kg7 35. Ra8 a5 36. Rb8 Rg6 37.
a4 Rc6+ 38. Kb1 f5 39. Rd8 f4 40. Rd2 f3 41. Rf2 Rf6 42. Ne3 Kg6 43. Nd5 Rf7 44.
Nxb6 Kg5 45. Nc4 Rf4 0-1

[Event "*** Titled Tuesday Blitz"]
[Site "Chess.com"]
[Date "2020.10.20"]
[Round "3"]
[White "karwowskikacper"]
[Black "elohunter1999"]
[Result "0-1"]
[WhiteElo "2340"]
[BlackElo "2529"]
[TimeControl "180+1"]
[EndTime "10:29:17 PDT"]
[Termination "elohunter1999 won by resignation"]

1. b3 e5 2. Bb2 Nc6 3. e3 Nf6 4. Bb5 Bd6 5. Nf3 e4 6. Nd4 Nxd4 7. exd4 c6 8. Be2 Bc7 9. d3 d5 10. dxe4 Nxe4 11. Bf3 O-O 12. O-O f5 13. c4 Be6 14.
cxd5 cxd5 15. Nc3 Rf6 16. g3 a6 17. Rc1 Qd6 18. Qc2 Rc8 19. Na4 Ng5 20. Bg2 f4 21. Qc5 Qxc5 22. Nxc5 f3 23. Nxe6 Rxe6 24. Rfd1 fxg2 25.
Kxg2 Rc6 26. Rxc6 bxc6 27. Rc1 Bd6 28. h4 Ne6 29. Kf3 Kf7 30. Ke3 Ke7 31. f4 g6 32.
h5 gxh5 33. Rh1 Ng7 34. Bc1 Kf6 35. g4 hxg4 36. Rh6+ Ke7 37. Rxh7 Rg8 38. Kf2 Ke6 39. Rh6+ Kd7 40. Rh7 Be7 41. Kg2 Nf5 42. Ba3 Rg7 43.
Rxg7 Nxg7 44. Bxe7 Kxe7 45. Kg3 Nf5+ 46. Kxg4 Nxd4 47.
f5 Kf6 48. Kf4 Nxf5 0-1

[Event "*** Titled Tuesday Blitz"]
[Site "Chess.com"]
[Date "2020.10.20"]
[Round "3"]
[White "julinha97"]
[Black "Koalaskakistis"]
[Result "0-1"]
[WhiteElo "2242"]
[BlackElo "2468"]
[TimeControl "180+1"]
[EndTime "10:29:17 PDT"]
[Termination "Koalaskakistis won by checkmate"]

1. e4 d5 2. exd5 Qxd5 3. Nc3 Qa5 4. d4 Nf6 5. Bc4 Nc6 6. Be3 Bg4 7. f3 Bf5 8. g4 Bg6 9. Qe2 O-O-O 10. O-O-O e6 11. g5 Nd5 12. Nxd5 exd5 13. Bb3 Be7 14. f4 Bf5 15. Qf2 Rhe8 16. Ne2 Bb4 17. Ng3 Be4 18. Nxe4 Rxe4 19. Kb1 Rde8 20. Rd3 Bd6 21. c3 Qb5 22. Bc2 Na5 23. Bc1 Re2 24. Qf3 Nc4 25. b3 Na3+ 26. Bxa3 Bxa3 27. Qg4+ Kb8 28. Rdd1 Qc6 29.
Rd3 Re1+ 30. Rxe1 Rxe1+ 31. Bd1 Qe8 32. Qg3 Qe4 33. Kc2 Rf1 34. h4 Rxf4 35. Bf3 Qf5 36. Bg2 Rf2+ 37. Kd1 a5 38. Re3 Qb1# 0-1

[Event "*** Titled Tuesday Blitz"]
[Site "Chess.com"]
[Date "2020.10.20"]
[Round "3"]
[White "Agoking701"]
[Black "MuhittinBuker"]
[Result "1-0"]
[WhiteElo "2345"]
[BlackElo "2087"]
[TimeControl "180+1"]
[EndTime "10:29:17 PDT"]
[Termination "Agoking701 won on time"]

1. e4 e5 2. Nf3 Nc6 3. Nc3 Nf6 4. Bb5 Bb4 5. O-O O-O 6. d3 Bxc3 7. bxc3 d6 8. h3 Qe7 9. Be3 Nd8 10. Bc4 Be6 11.
Bb3 a5 12. a4 c5 13. Rb1 Rc8 14. Nd2 Bxb3 15. Rxb3 Rc7 16. Qe2 Ne6 17. Nc4 Nf4 18. Bxf4 exf4 19. Rfb1 d5 20. Nxa5 dxe4 21. Rxb7 Rxb7 22.
Rxb7 Qe6 23. Nc4 Re8 24. a5 Qd5 25. a6 f3 26. Qe3 exd3 27. Qxd3 Qg5 28. g3 h5 29. a7 Qc1+ 30. Kh2 Re1 31. Rb8+ Ne8 32. Rxe8+ Rxe8 33. Qe4 Rd8 34. a8=Q Rxa8 35. Qxa8+ Kh7 36.
Qxf3 f6 37. Qxh5+ Kg8 38. Qd5+ Kh7 39. Qxc5 Qxc2 40. Qh5+ Kg8 41. Qd5+ Kh7 42. Kg2 Qxc3 43. Ne3 Qb2 44. h4 1-0

[Event "*** Titled Tuesday Blitz"]
[Site "Chess.com"]
[Date "2020.10.20"]
[Round "3"]
[White "nurgyulsalimova"]
[Black "Oleksandr_Bortnyk"]
[Result "0-1"]
[WhiteElo "2658"]
[BlackElo "2885"]
[TimeControl "180+1"]
[EndTime "10:29:18 PDT"]
[Termination "Oleksandr_Bortnyk won by resignation"]

1. d4 Nf6 2. c4 b6 3. Nc3 Bb7 4. Qc2 e6 5. e4 Bb4 6. Bd3 c5 7. d5 b5 8. Ne2 exd5 9. exd5 bxc4 10. Bxc4 Nxd5 11. O-O Nf6 12. Bg5 O-O 13. Rad1 Qb6 14.
Ng3 Bxc3 15. bxc3 d5 16. Bxf6 dxc4 17. Be7 Re8 18. Rfe1 Nc6 19. Bd6 Nd4 20. Rxe8+ Rxe8 21. cxd4 Qxd6 22. Qxc4 cxd4 23. Rxd4 Qg6 24. h3 h5 25. Kh2 Bc6 26. Qc5 Re2 27. Rd8+ Kh7 28. Qxh5+ Qxh5 29. Nxh5 Rxf2 30. Kg3 Rxg2+ 31. Kf4 Rxa2 32. Ng3 Ra4+ 33. Kg5 f6+ 34. Kf5 Ra3 35. Ne2 Rxh3 36. Nf4 Rf3 37.
Kg4 Rf1 38. Ne6 a5 39. Nf8+ Kh6 40. Rd2 f5+ 41. Kg3 Rf3+ 42. Kh2 Rc3 43. Ne6 g5 44.
Nc7 Be4 45. Rd6+ Kh5 46. Ne6 Kg4 47. Nd4 Rd3 48. Kg1 a4 0-1

[Event "*** Titled Tuesday Blitz"]
[Site "Chess.com"]
[Date "2020.10.20"]
[Round "3"]
[White "bakki78"]
[Black "SergeyShtyka"]
[Result "1-0"]
[WhiteElo "2738"]
[BlackElo "2268"]
[TimeControl "180+1"]
[EndTime "10:29:18 PDT"]
[Termination "bakki78 won on time"]

1. e4 c5 2. c3 d5 3. exd5 Qxd5 4. d4 Nf6 5. Nf3 e6 6. Bd3 Be7 7. O-O O-O 8. Qe2 Nc6 9. Rd1 cxd4 10. cxd4 b6 11. Nc3 Qd6 12. Bg5 Bb7 13. Rac1 Rac8 14. Bb1 Nb4 15. Ne5 Nbd5 16. Rd3 Nxc3 17. bxc3 Ne4 18.
Bf4 Qd5 19. Rh3 g6 20. Qf1 Nxc3 21. Rhxc3 Rxc3 22. Rxc3 Qxd4 23. Rc7 Bxg2 24. Rc4 Qxf4 25. Rxf4 Bxf1 26. Kxf1 Bd6 27. Re4 Bxe5 28. Rxe5 Rc8 29. Bd3 Rc1+ 30. Kg2 Kg7 31. Re2 Rc3 32. Bb5 Kf6 33.
f3 Rc5 34. a4 h5 35. Kf2 Ke7 36. Rd2 Rd5 37. Rxd5 exd5 38. Ke3 Kd6 39. Kd4 f6 40. Be8 a6 41. Bxg6 h4 42. Bd3 a5 43. f4 Ke6 44.
f5+ Kd6 45. Bb5 h3 46. Bf1 Kc6 47. Be2 b5 48. Bxb5+ 1-0

[Event "*** Titled Tuesday Blitz"]
[Site "Chess.com"]
[Date "2020.10.20"]
[Round "3"]
[White "Iskusnyh"]
[Black "DrMamaliga"]
[Result "1/2-1/2"]
[WhiteElo "2555"]
[BlackElo "2365"]
[TimeControl "180+1"]
[EndTime "10:29:18 PDT"]
[Termination "Game drawn by repetition"]

1. d4 Nf6 2. c4 e6 3. g3 c5 4.
Nf3 cxd4 5. Nxd4 d5 6. Bg2 e5 7. Nf3 d4 8. O-O Nc6 9. e3 Be7 10. exd4 exd4 11. b4 Nxb4 12. Nxd4 O-O 13. a3 Na6 14.
Nc3 Bg4 15. Qd2 Nc5 16. Rb1 Rb8 17. h3 Bd7 18. Nd5 Nxd5 19. cxd5 a6 20. Bb2 Bd6 21. Rfd1 Re8 22. Rbc1 Rc8 23. Re1 Qb6 24. Rb1 Rxe1+ 25. Rxe1 Nb3 26. Nxb3 Qxb3 27. Qd4 f6 28. Kh2 Re8 29.
Rxe8+ Bxe8 30. Qg4 Bf8 31. Bxf6 Qxa3 32. Be5 b5 33. d6 Qd3 34. f4 b4 35. Qc8 Qb5 36.
h4 Bd7 37. Qd8 b3 38. h5 b2 39. Bxb2 Qxh5+ 40. Kg1 Qd1+ 41. Kh2 Qh5+ 42. Kg1 Qd1+ 43. Kh2 Qh5+ 1/2-1/2